 Dungeon Crawl Stone Soup version 0.31-a0-1412-g7b7c7d10e1 (webtiles) character file.

Game seed: 4842151309702830521

252 Azuregosa the Trooper (level 6, -2/47 HPs)
             Began as an Octopode Delver on Dec 26, 2023.
             Was an Initiate of Dithmenos.
             Slain by a weeping skull (5 damage)
             ... in an ossuary.
             The game lasted 00:03:50 (661 turns).

Azuregosa the Trooper (Octopode Delver)              Turns: 661, Time: 00:03:50

Health: -2/47      AC:  1    Str: 12    XL:     6   Next: 14%
Magic:  6/6        EV: 13    Int: 12    God:    Dithmenos [......]
Gold:   40         SH:  0    Dex: 15    Spells: 5/5 levels left

rFire   . . .        a - +0 falchion
rCold   . . .        (no shield)
rNeg    . . .        (helmet restricted)
rPois   .            (no amulet)
rElec   .            (no ring)
rCorr   .            (no ring)
SInv    .            (no ring)
Will    .....        (no ring)
Stlth   ++++         (no ring)
HPRegen 0.27/turn    (no ring)
MPRegen 0.10/turn    (no ring)
                     (no ring)

%: no passive effects
@: marked
A: almost no armour, amphibious, 8 rings, camouflage 1, gelatinous body 1,
(nimble swimmer 1), tentacles
a: Renounce Religion


You were in an ossuary.
You worshipped Dithmenos.
Dithmenos was noncommittal.
You visited 1 branch of the dungeon, and saw 2 of its levels.
You also visited: Ossuary.

You collected 40 gold pieces.

Inventory:

Hand Weapons
 a - a +0 falchion (weapon)
Jewellery
 h - an amulet of magic regeneration
Wands
 f - a wand of digging (3)
 g - a wand of quicksilver (6)
Scrolls
 b - 3 scrolls of fog
 d - a scroll of fear
 j - a scroll of teleportation {unknown}
 k - a scroll of enchant weapon {unknown}
 m - 7 scrolls of noise
Potions
 c - a potion of resistance {unknown}
 e - a potion of haste
 i - 3 potions of lignification
 l - 2 potions of degeneration
 n - a potion of magic {unknown}


   Skills:
 + Level 6.7 Fighting
 - Level 2.0 Long Blades
 - Level 2.0 Dodging
 - Level 6.6 Stealth


You had 5 spell levels left.
You didn't know any spells.
Your spell library contained the following spells:

 Spells                   Type           Power      Damage    Failure   Level
 Mercury Vapours          Alch/Air       0%         N/A       45%         2
 Mephitic Cloud           Conj/Alch/Air  0%         N/A       69%         3
 Freezing Cloud           Conj/Ice/Air   0%         6-21      100%        5


Dungeon Overview and Level Annotations

Branches:
Dungeon (5/15)            Ossuary (1/1)
 Temple: D:4-7

Altars:
Cheibriados
Dithmenos


Innate Abilities, Weirdness & Mutations

You cannot wear most types of armour.
You are amphibious.
You can wear up to eight rings at the same time.
Your skin changes colour to match your surroundings (Stealth+).
Your rubbery body absorbs attacks. (AC +1, EV +1)
((You are camouflaged when in or above water. (Stealth+)))
You have tentacles for arms and can constrict up to eight enemies at once.


Message History

Dithmenos accepts your kill.
A weeping skull comes into view.
There is an open door here.
The weeping skull pulls the alarm!
The alarm trap emits a blaring wail!
A sentinel's mark forms upon you.
You completely miss the mummy. You grab the mummy. You constrict the mummy.
The mummy hits you!
* * * LOW HITPOINT WARNING * * *
You slash the mummy!
The mummy is heavily damaged.
You constrict the mummy. You hit the mummy.
The mummy is almost destroyed.
You constrict the mummy.
You destroy the mummy!
Dithmenos accepts your kill.
The weeping skull unleashes gushing sobs.
The wave of grief passes through you.
There is an open door here.
Okay, then.
You hit the weeping skull but do no damage.
You grab the weeping skull. You squeeze the weeping skull.
The weeping skull is lightly damaged.
You constrict the weeping skull. The weeping skull touches you!
* * * LOW HITPOINT WARNING * * *
The weeping skull closely misses you.
You hit the weeping skull.
The weeping skull is moderately damaged.
You constrict the weeping skull. The weeping skull touches you.
* * * LOW HITPOINT WARNING * * *
You hit the weeping skull but do no damage.
The weeping skull is moderately damaged.
You constrict the weeping skull. The weeping skull closely misses you.
You hit the weeping skull but do no damage.
You squeeze the weeping skull, but do no damage.
The weeping skull is moderately damaged.
You constrict the weeping skull. The weeping skull touches you.
You die...
The weeping skull crumbles to pieces from sheer guilt.

### ###.### #####
##.....## #...#
#.......# #...#
####.#### ##.## #.#
###.# ###'### #.''##
##..○@.##
#.#..###..°.z..##
#.#...'....°.○..'.
###.#.'....⌠..☼.'.#
#.#...'.........'...
#.#..###.......###..
#.''## ##.....## +
###.# ##'#+## ##.##
#...#


You could see a weeping skull.

Vanquished Creatures
  A weeping skull (Ossuary)
  A scorpion (D:4)
  A centaur zombie (Ossuary)
  A human zombie (Ossuary)
  4 mummies (Ossuary)
  A gnoll (D:4)
  A quokka (D:4)
  A gnoll zombie (Ossuary)
  2 kobold zombies (Ossuary)
  An orc zombie (Ossuary)
14 creatures vanquished.

Notes
Turn   | Place    | Note
-------+----------+-------------------------------------------
     0 | D:5      | Azuregosa the Octopode Delver began the quest for the Orb.
     0 | D:5      | Reached XP level 1. HP: 16/16 MP: 1/1
    36 | D:5      | Found a shadowy altar of Dithmenos.
    37 | D:5      | Found a snail-covered altar of Cheibriados.
    43 | D:5      | Became a worshipper of Dithmenos the Shadowed
   134 | D:4      | Noticed a scorpion
   138 | D:4      | Killed a scorpion
   139 | D:4      | Reached XP level 2. HP: 15/23 MP: 2/2
   139 | D:4      | Reached XP level 3. HP: 18/28 MP: 3/3
   139 | D:4      | Reached XP level 4. HP: 22/34 MP: 4/4
   154 | D:4      | Found a sand-covered staircase.
   166 | D:4      | Reached skill level 5 in Fighting
   168 | Ossuary  | Entered an ossuary
   367 | Ossuary  | Noticed a weeping skull
   373 | Ossuary  | Reached XP level 5. HP: 23/41 MP: 5/5
   388 | Ossuary  | Killed a weeping skull
   570 | Ossuary  | Reached XP level 6. HP: 16/47 MP: 6/6
   661 | Ossuary  | Slain by a weeping skull

Illustrated notes

Levels and vault maps discovered:
D:4:      layout_basic, minmay_overflow_temple_star_quad,
          nicolae_ossuary_entry_ruins,
          mainiacjoe_sewer_entry_somewhere_in_here_2
D:5:      layout_cave_pods, mainiacjoe_overflow_divided_tiny, uniq_grinder
Ossuary:  ossuary_crypta

Skill      XL: |  1  2  3  4  5 |
---------------+----------------+-----
Fighting       | 4 5 6 |  6.7
Long Blades    | |  2.0
Dodging        | |  2.0
Stealth        | |  6.6

Action                     |  1- 3 |  4- 6 || total
---------------------------+-------+-------++-------
  Melee: Falchion          |     2 |    52 ||    54
         Constrict         |     1 |    13 ||    14
         Tentacles         |     1 |    10 ||    11
  Evoke: Wand              |     1 |       ||     1
    Use: Scroll            |     1 |       ||     1
         Potion            |       |     3 ||     3
   Stab: Sleeping          |       |     1 ||     1
 Armour: Skin              |     1 |    34 ||    35
  Dodge: Dodged            |       |    23 ||    23

Table legend: (Time is in decaauts)
 A = Elapsed time spent in this place.
 B = Non-inter-level travel time spent in this place.
 C = Inter-level travel time spent in this place.
 D = Time resting spent in this place.
 E = Time spent auto-exploring this place.
 F = Levels seen in this place.
 G = Mean time per level.
                   A        B        C        D        E       F      G
               +--------+--------+--------+--------+--------+-----+--------+
         Total |    671 |    671 |      0 |    335 |     33 |   3 |  223.7 |
       Dungeon |    169 |    169 |      0 |      0 |     33 |   2 |   84.5 |
       Ossuary |    502 |    502 |      0 |    335 |      0 |   1 |  502.0 |
               +--------+--------+--------+--------+--------+-----+--------+

Top non-repeatable levels by time:
 Ossuary: 502 daAuts
     D:5: 134 daAuts
     D:4: 35 daAuts
